 Dungeon Crawl Stone Soup version 0.21.1-1-g345015fe64 (webtiles) character file.

6459 Htamos the Eclecticist (level 10, -5/50 HPs)
             Began as a Deep Elf Conjurer on July 13, 2018.
             Was an Elder of Sif Muna.
             Slain by a troll (6 damage)
             ... on level 9 of the Dungeon.
             The game lasted 00:19:47 (13391 turns).

Htamos the Eclecticist (Deep Elf Conjurer)         Turns: 13391, Time: 00:19:48

Health: -5/50      AC:  4    Str: 12    XL:     10   Next: 67%
Magic:  30/34      EV: 11    Int: 27    God:    Sif Muna [****..]
Gold:   406        SH:  0    Dex: 17    Spells: 40/45 levels left

rFire    + . .     SeeInvis .   N - +5 short sword
rCold    + . .     Gourm    .   (no shield)
rNeg     . . .     Faith    .   G - +1 robe {rC+ rF+}
rPois    .         Spirit   .   (no helmet)
rElec    .         Reflect  .   M - +0 cloak (curse)
rCorr    .         Harm     .   (no gloves)
MR       ++...                  (no boots)
Stlth    ++........             (no amulet)
HPRegen  0.16/turn              u - ring of protection from magic
MPRegen  0.24/turn              Q - ring of the Priest {*Contam EV-2 Str+7 Int+3 Dex+2} (curse)

@: no status effects
A: no striking features
a: Divine Energy, Channel Magic, Forget Spell, Renounce Religion


You were on level 9 of the Dungeon.
You worshipped Sif Muna.
Sif Muna was greatly pleased with you.
You were not hungry.

You visited 2 branches of the dungeon, and saw 10 of its levels.

You collected 406 gold pieces.

Inventory:

Hand Weapons
 m - a +2 mace of protection
 w - a +0 hunting sling
 D - a +1 dagger of draining
 N - a +5 short sword (weapon)
 O - a +1 whip of flaming
 R - a cursed -3 shortbow
Missiles
 d - 57 sling bullets
 h - 298 stones (quivered)
 o - 18 tomahawks
 s - 114 arrows
 K - 14 bolts
Armour
 a - a +0 robe
 p - a +2 leather armour of cold resistance
 G - a +1 robe of resistance (worn)
 M - a cursed +0 cloak (worn)
 V - the +0 chain mail "Esos" {-Cast rPois Int+4}
   (You found it on level 8 of the Dungeon)

   It affects your intelligence (+4).
   It protects you from poison.
   It prevents spellcasting.
Jewellery
 q - an uncursed ring of flight
 r - an uncursed ring of protection from fire
 u - a ring of protection from magic (left hand)
 I - an uncursed ring of protection from cold {unknown}
 Q - the cursed ring of the Priest (right hand) {*Contam EV-2 Str+7 Int+3 Dex+2}
   (You found it on level 8 of the Dungeon)

   [ring of evasion]

   It affects your evasion (-2).
   It affects your strength (+7).
   It affects your intelligence (+3).
   It affects your dexterity (+2).
   It causes magical contamination when unequipped.
   It has a curse placed upon it.
 T - an uncursed amulet of faith {unknown}
 U - a +4 ring of strength {unknown}
Wands
 t - a wand of flame (14)
 F - a wand of digging (15)
 H - a wand of scattershot (6)
Scrolls
 e - 2 scrolls of blinking
 f - 5 scrolls of remove curse
 g - 2 scrolls of teleportation
 l - 8 scrolls of identify
 y - 3 scrolls of amnesia {unknown}
 z - 2 scrolls of enchant weapon {unknown}
 B - 2 scrolls of noise {unknown}
 C - a scroll of enchant armour {unknown}
 L - a scroll of fog {unknown}
 S - a scroll of fear {unknown}
Potions
 j - a potion of might
 n - a potion of agility
 v - 4 potions of mutation {unknown}
 x - a potion of resistance {unknown}
 A - 2 potions of heal wounds {unknown}
 E - a potion of cancellation {unknown}
 J - a potion of magic {unknown}
 P - a potion of degeneration {unknown}
 W - a potion of flight {unknown}
Books
 b - a book of Conjurations

   Spells                             Type                      Level
   a - Magic Dart                     Conjuration                  1
   b - Searing Ray                    Conjuration                  2
   c - Dazzling Spray                 Conjuration/Hexes            3
   d - Fulminant Prism                Conjuration/Hexes            4
   e - Force Lance                    Conjuration/Translocation    4
   f - Iskenderun's Mystic Blast      Conjuration                  4
Comestibles
 c - 14 rations


   Skills:
 - Level 2.4 Dodging
 - Level 2.4 Stealth
 + Level 18.1 Spellcasting
 - Level 8.3 Conjurations


You had 40 spell levels left.
You knew the following spells:

 Your Spells              Type           Power        Failure   Level  Hunger
a - Magic Dart            Conj           ####         1%          1    None
b - Iskenderun's Mystic   Conj           ######..     1%          4    None


Dungeon Overview and Level Annotations

Branches:
Dungeon (9/15)             Temple (1/1) D:6
   Lair: D:8-11         Orc: D:9-12

Altars:
Ashenzari
Cheibriados
Dithmenos
Elyvilon
Fedhas
Gozag
Hepliaklqana
Kikubaaqudgha
Makhleb
Nemelex Xobeh
Okawaru
Qazlal
Ru
Sif Muna
Trog
Uskayaw
Vehumet
Wu Jian
Xom
Yredelemnul
Zin
The Shining One


Message History

There is a stone staircase leading down here.
You start resting.
Magic restored.
You climb downwards.
A phantom comes into view.
The troll bites you! The troll claws you. The troll claws you!
The troll barely misses you. The troll misses you. The troll claws you!
* * * LOW HITPOINT WARNING * * *
There is a stone staircase leading up, spattered with blood here.
Casting: Iskenderun's Mystic Blast
Confirm with . or Enter, or press ? or * to list all spells.
Aiming: Iskenderun's Mystic Blast
Press: ? - help, Shift-Dir - straight line, f - troll
Aim: a troll The orb of energy hits the troll.
The troll is heavily wounded.
The phantom blinks!
The troll bites you!
* * * LOW HITPOINT WARNING * * *
The troll closely misses you. The troll claws you.
You die... ############# ...)†..@T.[.# ###########§.W. .

You could see a troll and a phantom.

Vanquished Creatures
  2 two-headed ogres (D:9)
  The ghost of SlightEye the Fighter, a novice DsFi of Okawaru (D:8)
  Pikel (D:8)
  Prince Ribbit (D:7)
  A hornet (D:9)
  2 hippogriffs
  3 hogs (D:7)
  A yak (D:7)
  The ghost of SlightEye the Skirmisher, an amateur DsFi (D:3)
  A hungry ghost (D:8)
  A human (D:7)
  A water moccasin (D:7)
  A sky beast (D:6)
  A slave (D:8)
  An orc warrior (D:8)
  2 black bears (D:6)
  3 phantoms
  A centaur (D:8)
  A crocodile (D:7)
  2 bullfrogs
  A wyvern skeleton (D:7)
  2 scorpions
  8 wights (D:7)
  2 crimson imps (D:5)
  A howler monkey (D:5)
  A bullfrog zombie (D:5)
  A centaur zombie (D:6)
  4 hounds
  A jelly (D:5)
  2 quasits
  2 orc priests
  A centaur skeleton (D:4)
  4 orc wizards
  Crazy Yiuf (D:7)
  Jessica (D:3)
  An iguana (D:5)
  Terence (D:2)
  Ijyb (D:3)
  A hound zombie (D:6)
  3 gnolls (D:5)
  9 adders
  2 oozes
  2 adder zombies (D:7)
  2 adder skeletons
  4 worms (D:2)
  2 dart slugs
  6 leopard geckos
  25 orcs
  A ball python (D:3)
  9 bats
  3 giant cockroaches
  11 goblins
  10 hobgoblins
  11 jackals
  5 quokkas
  6 frilled lizards
  2 jackal skeletons
  9 kobolds
  A leopard gecko skeleton (D:4)
  A leopard gecko zombie (D:6)
  9 rats
197 creatures vanquished.

Vanquished Creatures (others)
  3 slaves (D:8)
  A hound (D:8)
  An orc priest (D:8)
  2 leopard geckos (D:8)
  A leopard gecko skeleton (D:8)
8 creatures vanquished.

Grand Total: 205 creatures vanquished

Notes
Turn   | Place    | Note
-------+----------+-------------------------------------------
     0 | D:1      | Htamos the Deep Elf Conjurer began the quest for the Orb.
     0 | D:1      | Reached XP level 1. HP: 10/10 MP: 6/6
   276 | D:1      | Reached skill level 4 in Spellcasting
   276 | D:1      | Reached XP level 2. HP: 15/15 MP: 6/9
   800 | D:1      | Reached XP level 3. HP: 19/19 MP: 8/11
   879 | D:1      | Reached skill level 5 in Spellcasting
  1611 | D:2      | Found a sacrificial altar of Ru.
  1671 | D:2      | Noticed a scorpion
  1678 | D:2      | Killed a scorpion
  1678 | D:2      | Reached skill level 6 in Spellcasting
  1678 | D:2      | Reached XP level 4. HP: 10/24 MP: 5/14
  2110 | D:2      | Noticed Terence
  2118 | D:2      | Killed Terence
  2118 | D:2      | Reached skill level 7 in Spellcasting
  2118 | D:2      | Reached XP level 5. HP: 24/28 MP: 7/16
  3089 | D:3      | Noticed SlightEye's ghost (amateur DsFi)
  3352 | D:3      | Learned a level 4 spell: Iskenderun's Mystic Blast
  3606 | D:3      | Reached skill level 8 in Spellcasting
  4366 | D:3      | Noticed Ijyb
  4368 | D:3      | Killed Ijyb
  4484 | D:3      | Reached skill level 5 in Conjurations
  4484 | D:3      | Reached XP level 6. HP: 22/32 MP: 7/19
  4608 | D:3      | Noticed Jessica
  4613 | D:3      | Killed Jessica
  6002 | D:4      | Reached XP level 7. HP: 36/36 MP: 14/20
  6608 | D:4      | Found a shattered altar of Ashenzari.
  6729 | D:5      | Entered Level 5 of the Dungeon
  7295 | D:5      | Found a white marble altar of Elyvilon.
  7525 | D:5      | Reached skill level 9 in Spellcasting
  7788 | D:5      | Reached XP level 8. HP: 41/41 MP: 15/23
  7971 | D:6      | Reached skill level 10 in Spellcasting
  8104 | D:6      | Found a snail-covered altar of Cheibriados.
  8323 | D:6      | Found a staircase to the Ecumenical Temple.
  8332 | Temple   | Entered the Ecumenical Temple
  8439 | Temple   | Became a worshipper of Sif Muna the Loreminder
  8567 | D:6      | Found an ancient bone altar of Kikubaaqudgha.
  8928 | D:3      | Killed SlightEye's ghost
  8928 | D:3      | Reached skill level 11 in Spellcasting
  9307 | D:7      | Reached * piety under Sif Muna
  9434 | D:7      | Reached skill level 12 in Spellcasting
  9901 | D:7      | Found a runed door.
  9959 | D:7      | Noticed Crazy Yiuf
  9962 | D:7      | Killed Crazy Yiuf
  9962 | D:7      | Reached XP level 9. HP: 45/45 MP: 14/27
 10158 | D:7      | Reached skill level 13 in Spellcasting
 10325 | D:7      | Noticed Prince Ribbit
 10330 | D:7      | Killed Prince Ribbit
 10332 | D:7      | Reached ** piety under Sif Muna
 10332 | D:7      | Reached skill level 14 in Spellcasting
 11239 | D:7      | Reached skill level 15 in Spellcasting
 11631 | D:8      | Got a scintillating pewter ring
 11806 | D:8      | Noticed Pikel
 11820 | D:8      | Killed Pikel
 11820 | D:8      | Reached *** piety under Sif Muna
 11820 | D:8      | Reached skill level 16 in Spellcasting
 11820 | D:8      | Reached XP level 10. HP: 50/50 MP: 4/32
 12068 | D:8      | Noticed SlightEye's ghost (novice DsFi)
 12134 | D:8      | Killed SlightEye's ghost
 12408 | D:8      | Found a snail-covered altar of Cheibriados.
 12547 | D:8      | Got a shimmering chain mail
 12558 | D:8      | Identified the +0 chain mail "Esos" {-Cast rPois Int+4} (You found it on level 8 of the Dungeon)
 12806 | D:9      | Identified the cursed ring of the Priest {*Contam EV-2 Str+7 Int+3 Dex+2} (You found it on level 8 of the Dungeon)
 12840 | D:9      | Noticed a two-headed ogre
 12847 | D:9      | Killed a two-headed ogre
 12847 | D:9      | Reached skill level 17 in Spellcasting
 13237 | D:9      | Noticed a two-headed ogre
 13240 | D:9      | Killed a two-headed ogre
 13240 | D:9      | Reached **** piety under Sif Muna
 13240 | D:9      | Reached skill level 18 in Spellcasting
 13391 | D:9      | HP: 1/50 [troll (16)]
 13391 | D:9      | Slain by a troll

Skill      XL: |  1  2  3  4  5  6  7  8  9 10 |
---------------+-------------------------------+-----
Spellcasting   | 4 6 7 8 9 12 16 18 | 18.1
Conjurations   | 5 7 8 |  8.3
Dodging        | |  2.4
Stealth        | |  2.4

Action                   |  1- 3 |  4- 6 |  7- 9 | 10-12 || total
-------------------------+-------+-------+-------+-------++-------
Melee: Unarmed           |     5 |       |       |       ||     5
       Mace              |       |     3 |    12 |       ||    15
       Short sword       |       |       |     2 |    11 ||    13
 Cast: Magic Dart        |    98 |   164 |   174 |    11 ||   447
       Iskenderun's Myst |       |     9 |   106 |    32 ||   147
  Use: Scroll            |       |     7 |     1 |     1 ||     9
       Potion            |       |       |       |     4 ||     4
  Eat: Chunk             |     2 |    10 |    16 |     2 ||    30
       Ration            |       |     1 |     1 |     1 ||     3
Armor: Robe              |     3 |     1 |     7 |     8 ||    19
       Leather armour    |       |    10 |    11 |       ||    21
Dodge: Dodged            |    23 |    31 |    69 |    18 ||   141
